Map: 2000 Atmospheres LE

Players

Zoun

  • Race: Protoss Protoss

MaxPax - Winner!

  • Race: Protoss Protoss
  • League: Master

Event: TSL 8

VOD

Have the link to the VOD?

Description

Time

  • Played on: Nov. 26, 2021, 8:02 a.m.
  • Length: 6:01

All games in this series

Show
View Real Time Build Order
Export as new Build Order

Zoun Protoss 

Build Orders: Blink Stalkers 

Get SALT Encoding   

  12  0:00  Probe  
  13  0:12  Probe  
  14  0:16  Pylon  
  14  0:24  Probe (Chrono Boost)  
  15  0:36  Gateway  
  15  0:37  Probe (Chrono Boost)  
  16  0:43  Probe (Chrono Boost)  
  16  0:45  Assimilator  
  17  0:51  Probe  
  18  0:57  Assimilator  
  18  1:03  Probe (Chrono Boost)  
  19  1:08  Gateway  
  19  1:13  Probe (Chrono Boost)  
  20  1:18  Probe  
  21  1:25  Cybernetics Core  
  21  1:30  Probe  
  22  1:36  Pylon  
  22  1:42  Probe  
  23  1:55  Probe  
  24  2:02  Adept, Stalker  
  24  2:04  Warp Gate  
  28  2:08  Pylon  
  28  2:23  Twilight Council  
  28  2:40  Stalker  
  28  2:43  Stalker  
  32  2:49  Gateway  
  32  3:01  Blink (Chrono Boost)  
  30  3:09  Shield Battery  
  30  3:12  Pylon  
  30  3:37  Gateway  
  30  3:52  Stalker  
  30  3:53  Stalker x2  
  35  4:06  Probe  
  35  4:15  Sentry  
  35  4:16  Stalker x2  
  41  4:26  Pylon  
  41  4:34  Stalker  
  43  4:42  Stalker x2  
  47  4:50  Stalker  
  49  5:08  Stalker  
  49  5:09  Stalker  
  53  5:18  Pylon  
  53  5:23  Stalker  
  53  5:28  Stalker  
  49  5:36  Stalker  
Show
View Real Time Build Order
Export as new Build Order

MaxPax Protoss - Winner!

Build Orders: Oracle Opening, Proxy Void Ray 

Get SALT Encoding   

  12  0:00  Probe  
  13  0:12  Probe  
  14  0:19  Pylon  
  14  0:24  Probe  
  15  0:37  Probe (Chrono Boost)  
  15  0:39  Gateway  
  16  0:47  Assimilator  
  16  0:48  Probe (Chrono Boost)  
  17  0:53  Probe (Chrono Boost)  
  18  1:03  Probe  
  19  1:08  Assimilator  
  19  1:13  Pylon  
  19  1:15  Probe (Chrono Boost)  
  21  1:25  Cybernetics Core  
  21  1:27  Probe (Chrono Boost)  
  21  1:32  Probe (Chrono Boost)  
  24  1:41  Probe  
  25  1:58  Nexus  
  25  2:00  Probe  
  24  2:10  Stargate  
  24  2:15  Adept (Chrono Boost)  
  26  2:24  Pylon  
  26  2:27  Probe  
  27  2:34  Pylon  
  27  2:47  Stalker  
  27  2:50  Probe  
  30  3:00  Oracle (Chrono Boost)  
  32  3:06  Shield Battery  
  32  3:08  Probe  
  33  3:14  Shield Battery  
  33  3:25  Void Ray (Chrono Boost)  
  31  3:27  Stalker  
  37  3:42  Shield Battery  
  37  3:48  Forge  
  37  3:50  Void Ray (Chrono Boost)  
  40  4:05  Shield Battery  
  40  4:15  Probe  
  44  4:23  Photon Cannon  
  42  4:26  Void Ray (Chrono Boost)  
  44  4:35  Photon Cannon  
  44  4:46  Pylon  
  44  4:51  Photon Cannon  
  44  5:00  Void Ray (Chrono Boost)  
  48  5:10  Shield Battery  
  48  5:14  Pylon  
Tags
 
Add a new tag
Caveats
  • Supply blocks, unpowered buildings, or Contaminate may cause inaccurate times.
  • Supply counts are checked every 10 seconds.